 Dungeon Crawl Stone Soup version 0.16-a0-269-gd5b6136 (webtiles) character file.

1880 Herrn the Conjurer (level 9, -7/48 HPs)
             Began as a Tengu Air Elementalist on Aug 26, 2014.
             Was a Follower of Cheibriados.
             Killed by divine providence
             ... invoked by an orc priest
              (13 damage)
             ... on Level 6 of the Dungeon.
             The game lasted 00:43:29 (7782 turns).

Herrn the Conjurer (Tengu Air Elementalist)         Turns: 7782, Time: 00:43:31

HP  -7/48        AC  9     Str 13      XL: 9   Next: 14%
MP   2/25        EV 12     Int 21      God: Cheibriados [*.....]
Gold 395         SH  0     Dex 18      Spells:  4 memorised, 13 levels left

rFire  . . .     SeeInvis .     m - +0 rod of destruction (1/12)
rCold  . . .     Clarity  +     A - +3 leather armour (curse)
rNeg   . . .     rCorr    .     (no shield)
rPois  .         rRot     .     (helmet restricted)
rElec  .         Spirit   .     f - +2 cloak
SustAb .         Warding  .     (no gloves)
rMut   .         Stasis   .     (boots unavailable)
Gourm  .                        n - amulet of clarity
MR     .....                    (no ring)
                                p - +1 ring of dexterity

@: very slightly contaminated, very slow, not resistant to hostile enchantments,
unstealthy
A: able to fly, beak, talons 3
a: Fly, Bend Time, Renounce Religion


You were on level 6 of the Dungeon.
You worshipped Cheibriados.
Cheibriados was aware of your devotion.
You were very hungry.

You visited 2 branches of the dungeon, and saw 8 of its levels.
You also visited: Sewer.

You collected 395 gold pieces.

Inventory:

Hand weapons
 C - a +1 hand axe of freezing
Armour
 a - a +0 robe
 f - a +2 cloak (worn)
 A - a cursed +3 leather armour (worn)
 B - a +0 robe
 E - a +3 leather armour
 F - a +0 shield
Magical devices
 i - a wand of frost (7)
 v - a wand of slowing (8)
 w - a wand of draining (7)
 y - a wand of fire (0)
Comestibles
 c - 5 bread rations
 j - 4 fruits
 l - 3 meat rations
 o - 2 rotting chunks of worker ant flesh
 z - 2 slices of pizza
Scrolls
 d - 4 scrolls of amnesia
 e - a scroll of immolation
 h - a scroll of recharging
Jewellery
 n - an amulet of clarity (around neck)
 p - a +1 ring of dexterity (left hand)
Potions
 g - a potion of curing
 x - 3 potions of restore abilities
 D - a potion of haste
Books
 b - a book of Air

   Spells                             Type                      Level
   *Shock                             Conjuration/Air              1
   *Swiftness                         Charms/Air                   2
   *Repel Missiles                    Charms/Air                   2
   Flight                             Charms/Air                   3
   Static Discharge                   Conjuration/Air              3
   *Lightning Bolt                    Conjuration/Air              5
Rods
 m - a +0 rod of destruction (1/12) (weapon)
   (You found it on level 3 of the Dungeon)


   Skills:
 * Level 1.7 Fighting
 * Level 2.9 Dodging
 - Level 2.0 Stealth
 * Level 0.6 Shields
 * Level 7.5 Spellcasting
 * Level 9.0 Conjurations
 - Level 4.0 Air Magic
 - Level 4.0 Evocations


You had 13 spell levels left.
You knew the following spells:

 Your Spells              Type           Power        Failure   Level  Hunger
a - Shock                 Conj/Air       ####         1%          1    None
b - Swiftness             Chrm/Air       ###.....     8%          2    None
c - Repel Missiles        Chrm/Air       ###...       8%          2    None
d - Lightning Bolt        Conj/Air       #####.....   21%         5    ####...


Dungeon Overview and Level Annotations

Branches:
Dungeon (7/15)             Temple (1/1) D:5

Altars:
Ashenzari
Cheibriados
Dithmenos
Elyvilon
Fedhas
Gozag
Kikubaaqudgha
Makhleb
Nemelex Xobeh
Okawaru
Qazlal
Sif Muna
Trog
Vehumet
Xom
Yredelemnul
Zin
The Shining One

Annotations:
D:7 wvc's ghost, experienced NaTm


Innate Abilities, Weirdness & Mutations

You can fly.
You have a beak for a mouth.
You have claws for feet.


Message History

The orc priest closely misses you.
Read which item? (? for menu, Esc to quit)
Okay, then.
Unknown command.
Read which item? (? for menu, Esc to quit)
As you read the scroll of fog, it crumbles to dust.
The scroll dissolves into smoke.
You feel sick.
The killer bee stings you but does no damage.
The killer bee stings you!
* * * LOW HITPOINT WARNING * * *
The orc wizard hits you but does no damage.
The orc skeleton closely misses you.
Drink which item? (? for menu, Esc to quit)
You feel better. The killer bee stings you.
* * * LOW HITPOINT WARNING * * *
The orc wizard hits you but does no damage.
The killer bee closely misses you.
The orc priest calls down the wrath of Beogh upon you.
Something smites you!
You die...

###.......#.#######............
#....##.........#........###.
#####....###..#####...#....### ##
....#...............#.###.## #
.>.[###...#<........#(# #.# #####
....###..##.........#.# #.# #...#
....##...##.........#.# #.# #.#.#
...............o§§..#.# #.###.#.#
....##..###....§@y..#.# #.#...#..
#..###..##.....§oZ..#.###.#.####.
##......##.......................
##.....#...........#....##.#####
##.##...#######..##.#.....##...
#.#..........#.....#.###...... ##
#....#######.##.##.#.#...##...
.###.##.#######.##...............
.....##.##................#######


You could see a killer bee, an orc priest, an orc wizard and an orc skeleton.

Vanquished Creatures
  Prince Ribbit (D:5)
  The ghost of runewalsh the Insei, an average OpTm (D:4)
  2 orc warriors (D:5)
  An ice beast (D:6)
  An ogre (D:6)
  A big kobold (Sewer)
  A giant frog (D:6)
  A scorpion (D:5)
  2 killer bees (D:7)
  3 wights (D:7)
  A crimson imp (D:3)
  2 orc priests
  2 iguanas (D:5)
  6 orc wizards
  3 worker ants
  Ijyb (D:2)
  Jessica (D:2)
  A big kobold skeleton (D:6)
  A mummy (D:7)
  5 gnolls
  10 adders
  2 green rats (Sewer)
  A shadow imp (D:6)
  3 worms (D:2)
  An adder zombie (D:7)
  An adder skeleton (D:5)
  6 giant geckos
  5 oozes
  14 orcs
  14 bats
  15 goblins
  11 hobgoblins
  17 jackals
  4 quokkas
  A ball python (D:3)
  7 giant cockroaches
  6 giant newts
  11 kobolds
  2 orc skeletons
  A quokka skeleton (D:4)
  15 rats
184 creatures vanquished.

Notes
Turn   | Place    | Note
--------------------------------------------------------------
     0 | D:1      | Herrn, the Tengu Air Elementalist, began the quest for the Orb.
     0 | D:1      | Reached XP level 1. HP: 10/10 MP: 3/3
    22 | D:1      | Reached XP level 2. HP: 15/15 MP: 0/6
   687 | D:1      | Reached XP level 3. HP: 19/19 MP: 4/8
   691 | D:1      | Learned a level 2 spell: Swiftness
   694 | D:1      | Learned a level 2 spell: Repel Missiles
  1576 | D:2      | Reached XP level 4. HP: 21/24 MP: 3/11
  2022 | D:2      | Noticed Jessica
  2024 | D:2      | Killed Jessica
  2217 | D:2      | Reached XP level 5. HP: 25/28 MP: 7/15
  2575 | D:2      | Noticed Ijyb
  2876 | D:2      | Killed Ijyb
  3592 | D:3      | Identified a +0 rod of destruction (12/12) (You found it on level 3 of the Dungeon)
  3599 | D:3      | Learned a level 5 spell: Lightning Bolt
  3717 | D:3      | Reached XP level 6. HP: 19/32 MP: 1/17
  4517 | D:4      | Noticed runewalsh's ghost (average OpTm)
  4522 | D:4      | Killed runewalsh's ghost
  4522 | D:4      | Reached skill level 5 in Spellcasting
  4522 | D:4      | Reached skill level 5 in Conjurations
  4522 | D:4      | Reached skill level 1 in Evocations
  4538 | D:4      | Reached XP level 7. HP: 33/36 MP: 10/20
  5221 | D:5      | Entered Level 5 of the Dungeon
  5229 | D:5      | Reached skill level 6 in Conjurations
  5670 | D:5      | Reached XP level 8. HP: 38/41 MP: 10/23
  5848 | D:5      | Found a staircase to the Ecumenical Temple.
  5858 | Temple   | Entered the Ecumenical Temple
  5897 | Temple   | Became a worshipper of Cheibriados the Contemplative
  5946 | D:5      | Noticed Prince Ribbit
  5951 | D:5      | Killed Prince Ribbit
  5951 | D:5      | Reached skill level 7 in Conjurations
  6315 | D:6      | Found an opulent altar of Gozag.
  6498 | D:6      | Found a glowing drain.
  6506 | Sewer    | Entered a sewer
  6663 | Sewer    | Found a white marble altar of Elyvilon.
  6793 | D:5      | Reached skill level 8 in Conjurations
  7042 | D:6      | Reached skill level 1 in Fighting
  7618 | D:7      | Reached XP level 9. HP: 31/47 MP: 17/25
  7675 | D:7      | Noticed wvc's ghost (experienced NaTm)
  7757 | D:7      | Reached skill level 9 in Conjurations
  7781 | D:6      | HP: 1/48 [killer bee (8)]
  7782 | D:6      | Killed from afar by an orc priest

Action                   |  1- 3 |  4- 6 |  7- 9 || total
-------------------------+-------+-------+-------++-------
Melee: Unarmed           |     3 |    11 |       ||    14
       Rod               |       |       |    42 ||    42
 Cast: Shock             |    76 |   169 |   240 ||   485
       Lightning Bolt    |       |       |     3 ||     3
 Abil: Fly               |       |       |     1 ||     1
Evoke: Wand              |       |     5 |     5 ||    10
       Rod               |       |       |    12 ||    12
  Use: Scroll            |       |     9 |     8 ||    17
       Potion            |       |     3 |     9 ||    12
  Eat: Chunk             |     1 |     9 |    12 ||    22
